% Time on Ice - TEXAS TOROS
Lines # - Real PCT - Wanted PCT - Time Play
Normal Forward
1 - 32% - 36% - 14:56
2 - 23% - 31% - 10:38
3 - 14% - 23% - 6:24
4 - 31% - 10% - 14:08
Normal Defense
1 - 33% - 36% - 15:19
2 - 34% - 31% - 15:33
3 - 30% - 23% - 13:36
4 - 4% - 10% - 1:38
PP Forward
1 - 49% - 55% - 2:54
2 - 51% - 45% - 3:03
PP Defense
1 - 51% - 55% - 3:03
2 - 49% - 45% - 2:54
PK Forward
1 - 61% - 55% - 4:52
2 - 39% - 45% - 3:05
PK Defense
1 - 57% - 55% - 4:32
2 - 43% - 45% - 3:25
PK3 Forward
1 - 0% - 55%
2 - 0% - 45%
PK3 Defense
1 - 0% - 55%
2 - 0% - 45%
44 Forward
1 - 0% - 55%
2 - 0% - 45%
44 Defense
1 - 0% - 55%
2 - 0% - 45%
Last Minute Offensive  - 0:00
Last Minute Defensive  - 0:00
Total
Forward - 60:00
Defense - 60:00
% Time on Ice - UTAH ICE BEARS
Lines # - Real PCT - Wanted PCT - Time Play
Normal Forward
1 - 34% - 36% - 15:42
2 - 30% - 31% - 13:55
3 - 20% - 23% - 9:21
4 - 15% - 10% - 7:08
Normal Defense
1 - 36% - 36% - 16:27
2 - 31% - 31% - 14:22
3 - 29% - 23% - 13:27
4 - 4% - 10% - 1:50
PP Forward
1 - 55% - 55% - 4:22
2 - 45% - 45% - 3:35
PP Defense
1 - 53% - 55% - 4:13
2 - 47% - 45% - 3:44
PK Forward
1 - 50% - 55% - 2:59
2 - 50% - 45% - 2:58
PK Defense
1 - 62% - 55% - 3:42
2 - 38% - 45% - 2:15
PK3 Forward
1 - 0% - 55%
2 - 0% - 45%
PK3 Defense
1 - 0% - 55%
2 - 0% - 45%
44 Forward
1 - 0% - 55%
2 - 0% - 45%
44 Defense
1 - 0% - 55%
2 - 0% - 45%
Last Minute Offensive  - 0:00
Last Minute Defensive  - 0:00
Total
Forward - 60:00
Defense - 60:00
Play-by-Play 1st period 0:01 of 1st period - Evgeni Malkin wins face-off versus Vladislav Namestnikov in neutral zone. 0:27 of 1st period - Shot by Andrew Mangiapane. 0:27 of 1st period - Stopped by Philipp Grubauer without a rebound. 0:28 of 1st period - Matthew Beniers wins face-off versus Eetu Luostarinen in TEXAS TOROS zone. 1:20 of 1st period - Eetu Luostarinen is hit by Andrew Peeke and loses puck. 1:46 of 1st period - Off-side. 1:47 of 1st period - Blake Lizotte wins face-off versus Trevor Zegras in neutral zone. 1:56 of 1st period - Double Minor Penalty to Owen Power for Roughing. 1:57 of 1st period - Evgeni Malkin wins face-off versus Trevor Zegras in TEXAS TOROS zone. 2:56 of 1st period - Barrett Hayton is hit by MacKenzie Weegar. 3:01 of 1st period - Icing by Bowen Byram. 3:02 of 1st period - Alexander Barabanov wins face-off versus Trevor Zegras in UTAH ICE BEARS zone. 3:19 of 1st period - Shot by MacKenzie Weegar. 3:19 of 1st period - Shot Misses the Net. 3:21 of 1st period - Shot by Alexander Barabanov. 3:21 of 1st period - Shot Blocked by Dante Fabbro. 3:23 of 1st period - Shot by MacKenzie Weegar. 3:23 of 1st period - Stopped by Philipp Grubauer without a rebound. 3:24 of 1st period - Evgeni Malkin wins face-off versus Vladislav Namestnikov in TEXAS TOROS zone. 3:31 of 1st period - Shot by Nicholas Paul. 3:31 of 1st period - Stopped by Philipp Grubauer without a rebound. 3:32 of 1st period - Evgeni Malkin wins face-off versus Trevor Zegras in TEXAS TOROS zone. 4:02 of 1st period - Shot by Evgeni Malkin. 4:02 of 1st period - Deflect By Rudolfs Balcers. 4:02 of 1st period - Shot Misses the Net. 4:42 of 1st period - Shot by Alexander Barabanov. 4:42 of 1st period - Shot Misses the Net. 5:10 of 1st period - Icing by Evgeni Malkin. 5:11 of 1st period - Evgeni Malkin wins face-off versus Vladislav Namestnikov in UTAH ICE BEARS zone. 5:17 of 1st period - Off-side. 5:18 of 1st period - Vladislav Namestnikov wins face-off versus Evgeni Malkin in neutral zone. 5:31 of 1st period - Shot by Evgeni Malkin. 5:31 of 1st period - Stopped by Philipp Grubauer without a rebound. 5:32 of 1st period - Trevor Zegras wins face-off versus Alexander Barabanov in TEXAS TOROS zone. 5:49 of 1st period - Shot by Matthew Beniers. 5:49 of 1st period - Stopped by Philipp Grubauer with a rebound. 5:51 of 1st period - Shot by Mark Pysyk. 5:51 of 1st period - Stopped by Philipp Grubauer with a rebound. 5:53 of 1st period - Shot by Lucas Raymond. 5:53 of 1st period - Deflect By Matthew Beniers. 5:53 of 1st period - Shot Misses the Net. 6:37 of 1st period - Shot by Kyle Okposo. 6:37 of 1st period - Deflect By Evgeni Malkin. 6:37 of 1st period - Shot Misses the Net. 6:39 of 1st period - Shot by MacKenzie Weegar. 6:39 of 1st period - Stopped by Philipp Grubauer without a rebound. 6:40 of 1st period - Ross Colton wins face-off versus Trevor Zegras in TEXAS TOROS zone. 6:43 of 1st period - Shot by Ross Colton. 6:43 of 1st period - Shot Misses the Net. 6:53 of 1st period - Shot by Nicholas Paul. 6:53 of 1st period - Stopped by Philipp Grubauer without a rebound. 6:54 of 1st period - Connor Bunnaman wins face-off versus Matthew Beniers in TEXAS TOROS zone. 7:14 of 1st period - Shot by Lucas Raymond. 7:14 of 1st period - Stopped by Philipp Grubauer with a rebound. 7:29 of 1st period - Lucas Raymond is hit by Ryan Suter and loses puck. 7:52 of 1st period - Shot by Andrew Mangiapane. 7:52 of 1st period - Deflect By Kyle Okposo. 7:52 of 1st period - Stopped by Philipp Grubauer with a rebound. 7:54 of 1st period - Shot by T.J. Brodie. 7:54 of 1st period - Shot Misses the Net. 8:55 of 1st period - Dante Fabbro is hit by Ross Colton and loses puck. 9:05 of 1st period - Vladislav Namestnikov is hit by Mark Pysyk and loses puck. 9:11 of 1st period - Ross Colton is hit by Tyson Barrie and loses puck. 9:45 of 1st period - Off-side. 9:46 of 1st period - Ryan Poehling wins face-off versus Matthew Beniers in neutral zone. 10:05 of 1st period - Shot by Alexander Barabanov. 10:05 of 1st period - Shot Blocked by Owen Power. 10:22 of 1st period - Shot by Lucas Raymond. 10:22 of 1st period - Shot Misses the Net. 10:28 of 1st period - Shot by Lucas Raymond. 10:28 of 1st period - Stopped by Philipp Grubauer without a rebound. 10:29 of 1st period - Connor Bunnaman wins face-off versus Kyle Okposo in TEXAS TOROS zone. 10:52 of 1st period - Shot by Evgeni Malkin. 10:52 of 1st period - Shot Blocked by Ryan Suter. 11:00 of 1st period - Shot by Andrew Mangiapane. 11:00 of 1st period - Shot Misses the Net. 11:23 of 1st period - Nate Schmidt is hit by Ross Colton and loses puck. 12:13 of 1st period - MacKenzie Weegar is hit by Connor Bunnaman and loses puck. 12:49 of 1st period - Alexander Barabanov is hit by Nate Schmidt and loses puck. 13:21 of 1st period - Shot by Zachary Sanford. 13:21 of 1st period - Shot Misses the Net. 13:23 of 1st period - Shot by Blake Lizotte. 13:23 of 1st period - Shot Blocked by Nate Schmidt. 13:25 of 1st period - Shot by Mark Pysyk. 13:25 of 1st period - Shot Blocked by Ryan Suter. 13:27 of 1st period - Shot by Artem Zub. 13:27 of 1st period - Stopped by Philipp Grubauer with a rebound. 13:29 of 1st period - Shot by Blake Lizotte. 13:29 of 1st period - Shot Misses the Net. 13:31 of 1st period - Shot by Blake Lizotte. 13:31 of 1st period - Goal by Blake Lizotte - TEXAS TOROS : 0 - UTAH ICE BEARS : 1. 13:32 of 1st period - Evgeni Malkin wins face-off versus Eetu Luostarinen in neutral zone. 13:40 of 1st period - Dante Fabbro is hit by Kyle Okposo. 13:46 of 1st period - Icing by Bowen Byram. 13:47 of 1st period - Evgeni Malkin wins face-off versus Jason Zucker in UTAH ICE BEARS zone. 14:12 of 1st period - Shot by Evgeni Malkin. 14:12 of 1st period - Stopped by Philipp Grubauer with a rebound. 14:14 of 1st period - Shot by Evgeni Malkin. 14:14 of 1st period - Stopped by Philipp Grubauer without a rebound. 14:15 of 1st period - Ross Colton wins face-off versus Eetu Luostarinen in TEXAS TOROS zone. 14:26 of 1st period - Taylor Raddysh is hit by Rudolfs Balcers and loses puck. 14:58 of 1st period - Icing by Tyson Barrie. 14:59 of 1st period - Evgeni Malkin wins face-off versus Eetu Luostarinen in TEXAS TOROS zone. 15:29 of 1st period - Andrew Mangiapane is hit by Owen Power and loses puck. 15:37 of 1st period - Off-side. 15:38 of 1st period - Matthew Beniers wins face-off versus Ryan Poehling in neutral zone. 15:42 of 1st period - Lucas Raymond is hit by Erik Gustafsson and loses puck. 15:52 of 1st period - Matthew Beniers is hit by Erik Gustafsson and loses puck. 15:59 of 1st period - Shot by Alexander Barabanov. 15:59 of 1st period - Shot Blocked by Erik Gustafsson. 16:11 of 1st period - Shot by Lucas Raymond. 16:11 of 1st period - Stopped by Philipp Grubauer without a rebound. 16:12 of 1st period - Trevor Zegras wins face-off versus Ross Colton in TEXAS TOROS zone. 16:27 of 1st period - Icing by MacKenzie Weegar. 16:28 of 1st period - Ross Colton wins face-off versus Trevor Zegras in UTAH ICE BEARS zone. 16:32 of 1st period - Nicholas Paul is hit by Tyson Barrie and loses puck. 16:39 of 1st period - Shot by Nicholas Paul. 16:39 of 1st period - Stopped by Philipp Grubauer without a rebound. 16:40 of 1st period - Trevor Zegras wins face-off versus Evgeni Malkin in TEXAS TOROS zone. 16:40 of 1st period - Trevor Zegras is hit by Andrew Mangiapane. 16:41 of 1st period - Minor Penalty to Andrew Mangiapane for High sticking. 16:42 of 1st period - Trevor Zegras wins face-off versus Blake Lizotte in UTAH ICE BEARS zone. 17:41 of 1st period - Shot by Eetu Luostarinen. 17:41 of 1st period - Shot Blocked by Mark Pysyk. 18:18 of 1st period - Icing by Dante Fabbro. 18:19 of 1st period - Nicholas Paul wins face-off versus Trevor Zegras in TEXAS TOROS zone. 18:52 of 1st period - Shot by Lucas Raymond. 18:52 of 1st period - Shot Misses the Net. 19:04 of 1st period - Shot by Yegor Chinakhov. 19:04 of 1st period - Stopped by Thatcher Demko with a rebound. 19:14 of 1st period - Shot by Lucas Raymond. 19:14 of 1st period - Shot Blocked by Erik Gustafsson. 19:23 of 1st period - Icing by Erik Gustafsson. 19:24 of 1st period - Evgeni Malkin wins face-off versus Connor Bunnaman in TEXAS TOROS zone. 19:33 of 1st period - Shot by Andrew Mangiapane. 19:33 of 1st period - Deflect By Evgeni Malkin. 19:33 of 1st period - Shot Misses the Net. 19:35 of 1st period - Shot by MacKenzie Weegar. 19:35 of 1st period - Stopped by Philipp Grubauer without a rebound. 19:36 of 1st period - Eetu Luostarinen wins face-off versus Ross Colton in TEXAS TOROS zone. 19:56 of 1st period - Icing by Nate Schmidt. 19:57 of 1st period - Evgeni Malkin wins face-off versus Eetu Luostarinen in TEXAS TOROS zone. Goals for this period are 0 for TEXAS TOROS vs 1 for UTAH ICE BEARS. Shots for this period are 1 for TEXAS TOROS vs 18 for UTAH ICE BEARS. 2nd period 0:01 of 2nd period - Evgeni Malkin wins face-off versus Jason Zucker in neutral zone. 0:10 of 2nd period - Shot by Andrew Mangiapane. 0:10 of 2nd period - Stopped by Philipp Grubauer with a rebound. 0:12 of 2nd period - Shot by MacKenzie Weegar